Map: Catalyst LE

Players

Neeb

  • Race: Protoss Protoss
  • Spawn Location: 5:00

Lambo - Winner!

  • Race: Zerg Zerg
  • Spawn Location: 11:00

Event: WCS Leipzig 2018

VOD

Have the link to the VOD?

Description

Time

  • Played on: Jan. 26, 2018, 1:59 p.m.
  • Length: 3:45

All games in this series

Show
View Real Time Build Order
Export as new Build Order

Neeb Protoss 

Build Orders: 1 Gate Expand 

Get SALT Encoding   

  12  0:00  Probe  
  13  0:12  Probe  
  14  0:19  Pylon  
  14  0:24  Probe  
  15  0:37  Probe  
  15  0:38  Assimilator  
  16  0:43  Gateway  
  16  0:49  Probe (Chrono Boost)  
  17  1:01  Probe (Chrono Boost)  
  18  1:06  Probe (Chrono Boost)  
  19  1:15  Probe  
  20  1:24  Nexus  
  20  1:33  Cybernetics Core  
  21  1:43  Assimilator  
  21  1:44  Zealot (Chrono Boost)  
  22  1:56  Pylon  
  22  2:13  Adept (Chrono Boost)  
  24  2:33  Adept  
  24  2:36  Probe  
  27  2:38  Probe  
  27  2:46  Assimilator  
  27  2:50  Probe x2 (Chrono Boost)  
  29  3:03  Probe (Chrono Boost)  
  31  3:06  Probe (Chrono Boost)  
  31  3:09  Probe (Chrono Boost)  
  32  3:13  Probe  
  32  3:15  Pylon  
  33  3:35  Pylon  
Show
View Real Time Build Order
Export as new Build Order

Lambo Zerg - Winner!

Build Orders: Pool First 

Get SALT Encoding   

  12  0:18  Spawning Pool  
  11  0:22  Drone  
  11  0:27  Drone  
  13  0:30  Drone  
  14  0:39  Overlord  
  14  1:04  Zergling x2  
  14  1:05  Zergling x4  
  17  1:16  Zergling x2  
  18  1:21  Hatchery  
  17  1:27  Drone  
  18  1:35  Extractor  
  18  1:37  Drone  
  18  1:45  Roach Warren  
  17  1:48  Drone  
  17  1:52  Extractor  
  17  1:59  Drone  
  18  2:10  Drone  
  17  2:31  Overlord  
  16  2:44  Queen  
  16  2:45  Roach x2  
  22  2:56  Roach  
  23  3:06  Roach  
  23  3:07  Ravager  
  23  3:09  Ravager  
  27  3:16  Roach  
  29  3:29  Ravager  
Tags
 
Add a new tag
Caveats
  • Supply blocks, unpowered buildings, or Contaminate may cause inaccurate times.
  • Supply counts are checked every 10 seconds.